 Dungeon Crawl Stone Soup version 0.17-a0-2014-g32cd421 (webtiles) character file.

113 Jackolantern the Magician (level 4, -3/29 HPs)
             Began as a High Elf Wizard on Oct 10, 2015.
             Slain by Grinder (7 damage)
             ... on level 3 of the Dungeon.
             The game lasted 00:09:30 (1675 turns).

Jackolantern the Magician (High Elf Wizard)         Turns: 1675, Time: 00:09:30

Health: -3/29      AC:  2    Str:  6    XL:     4   Next: 65%
Magic:  0/12       EV: 12    Int: 23    God:
Gold:   26         SH:  0    Dex: 13    Spells: 3 memorised, 8 levels left

rFire  . . .     SeeInvis .     j - +2 whip (venom)
rCold  . . .     Clarity  .     a - +0 robe
rNeg   . . .     SustAt   .     (no shield)
rPois  .         Gourm    .     b - +0 hat
rElec  .         Spirit   +     (no cloak)
rCorr  .         Warding  .     (no gloves)
rMut   .         Stasis   .     (no boots)
MR     .....                    h - amulet of guardian spirit
Stlth  ++........               (no ring)
                                (no ring)

@: very slightly contaminated, slowed, very slow, not resistant to hostile
enchantments, unstealthy
A: no striking features
a: no special abilities


You were on level 3 of the Dungeon.
You were not hungry.

You visited 1 branch of the dungeon, and saw 3 of its levels.

You collected 26 gold pieces.

Inventory:

Hand Weapons
 j - a +2 whip of venom (weapon)
Armour
 a - a +0 robe (worn)
 b - a +0 hat (worn)
Jewellery
 h - an amulet of guardian spirit (around neck)
Wands
 d - a wand of magic darts (10)
Scrolls
 f - 2 scrolls of teleportation {unknown}
 g - a scroll of enchant armour {unknown}
 i - 2 scrolls of identify {unknown}
Books
 c - a book of Minor Magic

   Spells                             Type                      Level
   a - Magic Dart                     Conjuration                  1
   b - Blink                          Translocation                2
   c - Call Imp                       Summoning                    2
   d - Repel Missiles                 Charms/Air                   2
   e - Slow                           Hexes                        2
   f - Conjure Flame                  Conjuration/Fire             3
   g - Mephitic Cloud                 Conjuration/Poison/Air       3


   Skills:
 + Level 1.8 Fighting
 + Level 1.6 Maces & Flails
 - Level 2.2 Dodging
 - Level 2.2 Stealth
 * Level 5.0 Spellcasting
 - Level 1.1 Conjurations
 - Level 0.8 Summonings
 - Level 1.1 Translocations


You had 8 spell levels left.
You knew the following spells:

 Your Spells              Type           Power        Failure   Level  Hunger
a - Magic Dart            Conj           ##..         10%         1    None
b - Blink                 Tloc           N/A          12%         2    None
c - Call Imp              Summ           #.......     12%         2    None


Dungeon Overview and Level Annotations

Branches:
Dungeon (3/15)

Altars:
Cheibriados

Annotations:
D:3 Grinder


Message History

The orc wizard blinks!
Grinder says, "There's only one good use for a tongue: cutting it out."
You can move again.
You hit Grinder.
Grinder is lightly wounded.
Grinder hits you!
You writhe in agony.
You hit Grinder.
Grinder is lightly wounded.
The orc wizard casts a spell.
The orc wizard blinks!
Grinder misses you.
Grinder gestures.
Grinder blinks!
The orc priest closely misses you. Grinder gestures at you.
Pain shoots through your body!
The orc priest calls down the wrath of Beogh upon you.
Something smites you!
* * * LOW HITPOINT WARNING * * *
Grinder hits you!
You die...

#..#.# #### #..#.#
#######..### #.[#.###
...........#####..#..P.
#####....)...รท....)....
...........#####....###
#.####...### #....#
#.5## #.#..# #@.# #.##.#
#.)# #.##... .._....o.#
#.##.... .%....#..#
#....... ......#..# ###
### ..... #..# ##.##
#..# ... ...# ## ####


You could see Grinder and an orc priest.

Vanquished Creatures
  2 orc wizards (D:3)
  An adder (D:3)
  An orc (D:3)
  5 bats
  A giant cockroach (D:2)
  4 goblins
  7 kobolds
  2 jackals (D:3)
  2 rats
25 creatures vanquished.

Vanquished Creatures (collateral kills)
  Ijyb (D:3)
  An adder (D:3)
  2 hobgoblins (D:3)
  A jackal (D:3)
  2 kobolds (D:3)
7 creatures vanquished.

Grand Total: 32 creatures vanquished

Notes
Turn   | Place    | Note
--------------------------------------------------------------
     0 | D:1      | Jackolantern the High Elf Wizard began the quest for the Orb.
     0 | D:1      | Reached XP level 1. HP: 11/11 MP: 6/6
     5 | D:1      | Noticed a human skeleton
     8 | D:1      | Noticed a troll skeleton
    10 | D:1      | Noticed a spriggan skeleton
    12 | D:1      | Noticed a human skeleton
    17 | D:1      | Noticed a human skeleton
    17 | D:1      | Noticed a troll skeleton
    21 | D:1      | Noticed a draconian skeleton
   351 | D:2      | Reached XP level 2. HP: 6/18 MP: 1/7
   825 | D:2      | Reached skill level 4 in Spellcasting
   881 | D:2      | Learned a level 2 spell: Blink
   886 | D:2      | Learned a level 2 spell: Call Imp
   888 | D:3      | Noticed Ijyb
   900 | D:3      | Killed Ijyb
   900 | D:3      | Reached skill level 1 in Fighting
   900 | D:3      | Reached skill level 1 in Maces & Flails
   900 | D:3      | Reached XP level 3. HP: 6/23 MP: 0/9
  1277 | D:3      | Found a snail-covered altar of Cheibriados.
  1293 | D:3      | Reached XP level 4. HP: 9/28 MP: 1/11
  1537 | D:3      | Reached skill level 5 in Spellcasting
  1667 | D:3      | Noticed Grinder
  1670 | D:3      | Paralysed by Grinder for 2 turns
  1675 | D:3      | Slain by Grinder

Vault maps used:
D:1:      shiori_arrival_whats_in_store_for_you, minmay_misc_feat_iff
D:2:      uniq_natasha
D:3:      corexii_shack_village, old_standard_altar, uniq_sigmund, uniq_iyjb,
          uniq_grinder

Action                   |  1- 3 |  4- 6 || total
-------------------------+-------+-------++-------
Melee: Whip              |    43 |     9 ||    52
 Cast: Magic Dart        |    29 |    11 ||    40
       Call Imp          |     8 |     1 ||     9
       Blink             |     2 |       ||     2
 Stab: Sleeping          |     1 |       ||     1
  Eat: Bread ration      |     1 |       ||     1
